 Dungeon Crawl Stone Soup version 0.20-a0-993-gba41c3c (webtiles) character file.

473 Lifeless the Sneak (level 6, 48/48 HPs)
             Began as a Demonspawn Assassin on Apr 11, 2017.
             Was a Follower of Wu Jian.
             Got out of the dungeon alive.
             The game lasted 00:16:47 (4647 turns).

Lifeless the Sneak (Demonspawn Assassin)            Turns: 4647, Time: 00:16:48

Health: 48/48      AC:  8    Str: 11    XL:     6   Next: 84%
Magic:  6/6        EV: 12    Int: 18    God:    Wu Jian [*.....]
Gold:   240        SH:  3    Dex: 17    Spells: 5/5 levels left

rFire    . . .     SeeInvis +   a - +2 dagger
rCold    . . .     Gourm    .   (no shield)
rNeg     . . .     Faith    .   n - +0 ring mail
rPois    .         Spirit   .   (helmet restricted)
rElec    .         Reflect  +   d - +0 cloak
rCorr    .         Harm     .   (no gloves)
MR       .....                  k - +1 pair of boots
Stlth    +++.......             m - +3 amulet of reflection
Regen    0.2/turn               x - +6 ring of intelligence
MPRegen  0.1/turn               j - ring of see invisible

@: no status effects
A: horns 1, sturdy frame 1
a: Renounce Religion


You escaped.
You worshipped Wu Jian.
Wu Jian was aware of your devotion.
You were not hungry.

You visited 1 branch of the dungeon, and saw 4 of its levels.

You collected 240 gold pieces.

Inventory:

Hand Weapons
 a - a +2 dagger (weapon)
 b - a +0 blowgun
Missiles
 e - 33 poisoned needles
 f - 2 curare-tipped needles
Armour
 d - a +0 cloak (worn)
 k - a +1 pair of boots (worn)
 n - a +0 ring mail (worn)
Jewellery
 j - a ring of see invisible (right hand)
 m - a +3 amulet of reflection (around neck)
 x - a +6 ring of intelligence (left hand)
Wands
 u - a wand of polymorph (24/24)
Scrolls
 o - a scroll of magic mapping {unknown}
 p - 2 scrolls of remove curse
Potions
 c - a potion of heal wounds
 i - a potion of haste {unknown}
 l - a potion of brilliance
 q - a potion of lignification {unknown}
 r - 3 potions of flight {unknown}
 s - a potion of might {unknown}
 t - 3 potions of curing
 w - a potion of resistance {unknown}
Comestibles
 g - 2 bread rations
 v - a meat ration


   Skills:
 + Level 3.8 Fighting
 + Level 3.2 Short Blades
 - Level 1.7 Throwing
 + Level 2.9 Dodging
 * Level 5.8 Stealth


You had 5 spell levels left.
You didn't know any spells.

Dungeon Overview and Level Annotations

Branches:
Dungeon (4/15)
 Temple: D:4-7

Altars:
Ashenzari
Cheibriados
Elyvilon
Hepliaklqana
Kikubaaqudgha
Trog
Vehumet
Wu Jian
Xom
Zin


Innate Abilities, Weirdness & Mutations

You have a pair of small horns on your head.
Your movements are slightly less encumbered by armour. (ER -2)


Message History

The orc is almost dead.
You hit the orc.
You kill the orc!
The Council accepts your kill.
You start resting.
Some of the chunks of flesh in your inventory have rotted away.
Eating a chunk of flesh.
You eat the chunk of flesh.
This raw flesh tastes terrible.
HP restored.
(D) Dungeon
Where to? (Enter - D:1, ? - help)
There is a stone staircase leading up here.
You climb upwards.
There is a stone staircase leading down here.
There is a stone staircase leading up here.
You climb upwards.
There is a stone staircase leading down here.
There is a staircase leading out of the dungeon here.
Are you sure you want to leave the Dungeon?
This will make you lose the game!
You have escaped!

##############.## #..........#
#.# #.#######..# #.# #.#######..#
#.# ####.........## #.#
#...########.# #.#
##########...#......#.# #.#
#............#.####.#.# #.#
[.#####.##...#.#@.#.#.# #.#
.............#.#....#.# #.#
#######.#.####.######.####.######
####..#####........#..........
#......##...######............
#.###.#.....######......######
#.# #....#...........#### #.#
#..#....#.#.....## ###.#
#..####.#.#.##.##


There were no monsters in sight!

Vanquished Creatures
  Grinder (D:3)
  3 orc wizards (D:4)
  A worker ant (D:4)
  6 adders
  3 oozes
  2 worms
  4 leopard geckos
  24 orcs
  6 bats
  A giant cockroach (D:1)
  5 hobgoblins
  6 jackals (D:4)
  8 kobolds
  3 quokkas
  A ball python (D:1)
  8 frilled lizards
  7 goblins
  2 quokka skeletons (D:4)
  8 rats
99 creatures vanquished.

Notes
Turn   | Place    | Note
-------+----------+-------------------------------------------
     0 | D:1      | Lifeless the Demonspawn Assassin began the quest for the Orb.
     0 | D:1      | Reached XP level 1. HP: 16/16 MP: 1/1
   150 | D:1      | Reached skill level 1 in Dodging
   175 | D:1      | Gained mutation: Your movements are slightly less encumbered by armour. (ER -2) [demonic ancestry]
   175 | D:1      | Reached XP level 2. HP: 22/22 MP: 2/2
   853 | D:2      | Reached skill level 4 in Stealth
   865 | D:2      | Gained mutation: You have a pair of small horns on your head. [demonic ancestry]
   865 | D:2      | Reached XP level 3. HP: 21/28 MP: 3/3
   937 | D:2      | Found an ancient bone altar of Kikubaaqudgha.
  1642 | D:2      | Reached XP level 4. HP: 34/34 MP: 4/4
  2511 | D:3      | Found a glowing silver altar of Zin.
  2822 | D:3      | Found a shimmering altar of Xom.
  2822 | D:3      | Found a shattered altar of Ashenzari.
  2822 | D:3      | Found a white marble altar of Elyvilon.
  2823 | D:3      | Found a snail-covered altar of Cheibriados.
  2824 | D:3      | Found a radiant altar of Vehumet.
  2825 | D:3      | Found an ornate altar of the Wu Jian Council.
  2826 | D:3      | Found a hazy altar of Hepliaklqana.
  2827 | D:3      | Found a bloodstained altar of Trog.
  2854 | D:3      | Became a worshipper of the Wu Jian Council
  3029 | D:3      | Noticed Grinder
  3049 | D:3      | Paralysed by Grinder for 3 turns
  3057 | D:3      | Killed Grinder
  3057 | D:3      | Reached skill level 5 in Stealth
  3057 | D:3      | Reached XP level 5. HP: 14/41 MP: 5/5
  3057 | D:3      | Reached XP level 6. HP: 16/47 MP: 6/6
  4221 | D:4      | Reached * piety under Wu Jian
  4647 | D:$      | Got out of the dungeon alive.

Vault maps used:
D:1:      zelgadis_glass_arrival_small, roderic_serpentine_path
D:2:      kiku_gazebo_pond_becter, kennysheep_generic_room_15
D:3:      minitemple, nicolae_overflow_crystal_walls, first_bread, uniq_grinder

Skill      XL: |  1  2  3  4 |
---------------+-------------+-----
Dodging        | 1 2 |  2.9
Stealth        | 4 5 |  5.8
Short Blades   | 2 3 |  3.2
Fighting       | 3 |  3.8
Throwing       | |  1.7

Action                   |  1- 3 |  4- 6 || total
-------------------------+-------+-------++-------
Melee: Dagger            |   108 |   315 ||   423
       Headbutt          |     4 |    64 ||    68
 Fire: Blowgun           |       |    10 ||    10
  Use: Scroll            |     5 |     5 ||    10
 Stab: Sleeping          |     8 |     6 ||    14
       Distracted        |     1 |     1 ||     2
  Eat: Chunk             |     2 |     8 ||    10
       Royal jelly       |       |     1 ||     1
Armor: Robe              |     7 |       ||     7
       Ring mail         |    30 |   107 ||   137
Dodge: Dodged            |    36 |   140 ||   176
Block: Other             |    10 |    42 ||    52
